 Dungeon Crawl Stone Soup version 0.29.1-15-g9cfb28693d (webtiles) character file.

Game seed: 14461093864030823102

59159 Sanktem7 the Warrior (level 14, -10/134 HPs)
             Began as a Minotaur Fighter on Mar 3, 2023.
             Was the Champion of Okawaru.
             Mangled by Rupert
             ... wielding a +2 battleaxe of freezing
              (32 damage)
             ... on level 4 of the Lair of Beasts.
             The game lasted 00:59:19 (24836 turns).

Sanktem7 the Warrior (Minotaur Fighter)            Turns: 24836, Time: 00:59:19

Health: -10/134    AC: 29    Str: 40    XL:     14   Next: 52%
Magic:  13/13      EV:  8    Int:  2    God:    Okawaru [******]
Gold:   1070       SH:  8    Dex:  6    Spells: 13/13 levels left

rFire   + . .      SeeInvis .   X - +8 mithril axe "Arga" {speed, Will+}
rCold   x . .      Faith    .   b - +0 kite shield {AC+3}
rNeg    . . .      Spirit   .   U - +6 chain mail of the Mauling Gods {rElec Str+9 Dex-4 Stlth+}
rPois   +          Reflect  .   (helmet restricted)
rElec   +          Harm     .   y - +2 cloak
rCorr   +          Rampage  +   I - +0 pair of gloves
Will    ++...                   q - +2 pair of boots {rampage}
Stlth   ..........              r - amulet of the acrobat
HPRegen 0.32/turn               Q - +6 ring of strength
MPRegen 0.13/turn               p - ring "Caossuucw" {Fire rElec rPois rCorr Str-4}

@: studying Ranged Weapons
A: horns 2, retaliatory headbutt, dopey 1, frail 1, electricity resistance,
strong 1
a: Renounce Religion, Heroism, Finesse, Duel


You were on level 4 of the Lair of Beasts.
You worshipped Okawaru.
Okawaru was exalted by your worship.
You visited 3 branches of the dungeon, and saw 19 of its levels.
You also visited: Sewer and Bailey.

You collected 1070 gold pieces.


Innate Abilities, Weirdness & Mutations

You have a pair of horns on your head.
You reflexively headbutt those who attack you in melee.
You are dopey. (Int -2)
You are frail. (-10% HP)
You are resistant to electric shocks. (rElec)
Your muscles are strong. (Str +4, Int/Dex -1)


   Skills:
 * Level 20.8 Fighting
 + Level 14.6(15.7) Axes
 - Level 9.5(13.2) Maces & Flails
 - Level 6.0 Throwing
 - Level 12.0 Armour
 + Level 7.2 Shields


You had 13 spell levels left.
You didn't know any spells.
Your spell library contained the following spells:

 Spells                   Type           Power      Damage    Failure   Level
 Foxfire                  Conj/Fire      0%         2x1d4     99%         1
 Necrotise                Necr           0%         1d4       99%         1
 Slow                     Hex            0%         N/A       99%         1
 Ensorcelled Hibernation  Hex/Ice        0%         N/A       100%        2
 Scorch                   Fire           0%         2d5       100%        2
 Static Discharge         Conj/Air       0%         3-3/arc   100%        2
 Sublimation of Blood     Necr           0%         N/A       100%        2
 Wereblood                Tmut           0%         N/A       100%        2
 Confusing Touch          Hex            0%         N/A       100%        3
 Conjure Flame            Conj/Fire      0%         6-21      100%        3
 Ignite Poison            Fire/Tmut/Pois 0%         N/A       100%        3
 Inner Flame              Hex/Fire       0%         N/A       100%        3
 Mephitic Cloud           Conj/Pois/Air  0%         N/A       100%        3
 Spider Form              Tmut/Pois      0%         N/A       100%        3
 Vampiric Draining        Necr           0%         2d6       100%        3
 Anguish                  Hex/Necr       0%         N/A       100%        4
 Dispel Undead            Necr           0%         3d6       100%        4
 Flame Wave               Conj/Fire      0%         2d4       100%        4
 Leda's Liquefaction      Hex/Erth       0%         N/A       100%        4
 Petrify                  Tmut/Erth      0%         N/A       100%        4
 Sticky Flame             Conj/Fire      0%         2d3       100%        4
 Agony                    Necr           0%         N/A       100%        5
 Borgnjor's Vile Clutch   Necr/Erth      0%         N/A       100%        5
 Freezing Cloud           Conj/Ice/Air   0%         6-21      100%        5
 Lee's Rapid Deconstruct  Erth           0%         3d5*      100%        5
 Lightning Bolt           Conj/Air       0%         1d11      100%        5
 Metabolic Englaciation   Hex/Ice        0%         N/A       100%        5
 Dispersal                Tloc           0%         N/A       100%        6
 Statue Form              Tmut/Erth      0%         N/A       100%        6
 Disjunction              Tloc           0%         N/A       100%        8
 Maxwell's Capacitive Co  Air            0%         ∞         100%        8
 Animate Dead             Necr           Unusable   N/A       N/A         4
 Death Channel            Necr           Unusable   N/A       N/A         6
 Summon Cactus Giant      Summ           Unusable   N/A       N/A         6
 Summon Hydra             Summ           Unusable   N/A       N/A         7

Inventory:

Hand Weapons
 J - a +4 morningstar {mace}
   (You took it off a wight on level 7 of the Dungeon)
 O - the +5 whip of Zoskurib {freeze, Str+4 SInv Stlth+, mace}
   (You found it on level 7 of the Dungeon)

   It freezes those it strikes, dealing additional cold damage.
   It can also slow down cold-blooded creatures.
   Str:       It affects your strength (+4).
   SInv:      It lets you see invisible.
   Stlth:     It makes you more stealthy.
 X - the +8 mithril axe "Arga" (weapon) {speed, Will+}
   (Okawaru gifted it to you on level 4 of the Lair of Beasts)

   Attacks with this weapon are significantly faster.
   Will:      It increases your willpower.
Missiles
 l - a curare-tipped dart {=fthrowing}
 z - 30 poisoned darts (quivered) {throwing}
 E - 2 atropa-tipped darts {throwing}
 T - 9 stones {throwing}
 V - 2 boomerangs {throwing}
Armour
 b - a +0 kite shield of protection (worn)
   (You found it in a bailey)
 q - a +2 pair of boots of rampaging (worn)
   (You found it in a bailey)
 y - a +2 cloak (worn)
   (You took it off Crazy Yiuf on level 5 of the Dungeon)
 I - a +0 pair of gloves (worn)
   (You found it on level 8 of the Dungeon)
 U - the +6 chain mail of the Mauling Gods (worn) {rElec Str+9 Dex-4 Stlth+}
   (Okawaru gifted it to you on level 1 of the Lair of Beasts)

   Str:       It affects your strength (+9).
   Dex:       It affects your dexterity (-4).
   rElec:     It insulates you from electricity.
   Stlth:     It makes you more stealthy.
 Y - a +0 plate armour
   (You found it on level 3 of the Lair of Beasts)
Magical Staves
 R - a staff of fire {!astaff}
   (You found it on level 5 of the Lair of Beasts)
Jewellery
 p - the ring "Caossuucw" (right hand) {Fire rElec rPois rCorr Str-4}
   (You found it on level 12 of the Dungeon)

   [ring of fire]

   It enhances your fire magic.
   Str:       It affects your strength (-4).
   rF:        It protects you from fire.
   rC:        It makes you vulnerable to cold.
   rElec:     It insulates you from electricity.
   rPois:     It protects you from poison.
   rCorr:     It protects you from acid and corrosion.
 r - an amulet of the acrobat (around neck)
   (You found it on level 2 of the Lair of Beasts)
 N - a ring of protection from fire
   (You took it off an orc priest on level 7 of the Dungeon)
 Q - a +6 ring of strength (left hand)
   (You found it on level 9 of the Dungeon)
Wands
 j - a wand of digging (6)
   (You took it off Duvessa on level 4 of the Dungeon)
 n - a wand of paralysis (7)
   (You took it off Ijyb on level 4 of the Dungeon)
 D - a wand of flame (35)
   (You found it on level 6 of the Dungeon)
 H - a wand of acid (8)
   (You found it on level 6 of the Dungeon)
 M - a wand of iceblast (25)
   (You found it on level 7 of the Dungeon)
Scrolls
 c - 4 scrolls of fear
 f - 5 scrolls of teleportation {@r4}
 h - 3 scrolls of torment {!r}
 i - 3 scrolls of immolation {!r!r}
 k - 2 scrolls of silence {!r}
 s - 3 scrolls of noise {!r}
 v - a scroll of summoning
 C - 3 scrolls of butterflies
 G - 4 scrolls of magic mapping {!r}
 K - a scroll of enchant armour
 P - a scroll of enchant weapon
 Z - 5 scrolls of identify {@r1}
Potions
 d - 5 potions of might
 e - a potion of magic
 g - 6 potions of haste {@q3}
 m - 8 potions of lignification {!q}
 o - 3 potions of cancellation
 t - a potion of flight
 u - 4 potions of attraction {!q}
 w - 11 potions of brilliance
 x - 11 potions of curing {@q1}
 A - 5 potions of resistance
 B - 3 potions of ambrosia
 L - a potion of berserk rage {!q}
 S - a potion of heal wounds {@q2}
 W - 2 potions of invisibility
Miscellaneous
 F - a piece from Xom's chessboard (15/15)
   (You found it on level 12 of the Dungeon)

Dungeon Overview and Level Annotations

Branches:
Dungeon (13/15) Zot: 25702  Temple (1/1) D:6 Zot: 5930    Lair (5/5) D:11 Zot: 23860
 Shoals (0/4) Lair:3       Spider (0/4) Lair:2        Slime (0/5) Lair:4
    Orc (0/2) D:12         Vaults (0/5) D:13          Sewer (visited)
 Bailey (visited)

Altars:
Ashenzari
Cheibriados
Dithmenos
Elyvilon
Fedhas
Gozag
Hepliaklqana
Kikubaaqudgha
Makhleb
Okawaru
Qazlal
Sif Muna
Trog
Uskayaw
Vehumet
Wu Jian
Xom
Yredelemnul
Zin
The Shining One
Jiyva
Lugonu

Shops:
D:9 *   D:10 !

Portals:
Abyss: Lair:5
Trove: D:10 (give 12 potions of heal wounds)

Annotations:
D:10 1 runed translucent door, growler's ghost, journeyman DrTm
Lair:3 3 runed translucent doors, Huasawuy's ghost, journeyman TrHW; Kubamp's ghost, journeyman DEAE
Lair:4 Rupert

..............♣
.............♣
<............♣♣
..............♣♣ ♣♣♣♣♣♣
...............♣♣♣♣..♣.♣
........................
........................
.......††...............
......@@>...............
.......†................
............>...........
.####.##...._.#..#.#####
## ###....#.####
###....# ##.### ###


You could see Rupert (berserk).


Message History

You slash the death yak! You slice the death yak!! You slash the death yak!
The death yak gores you but does no damage. x2
Rupert the Wild comes into view.
He is wielding a +2 battleaxe of freezing.
The death yak gores you but does no damage.
You slice the death yak!! You barely miss the death yak. x2
You slash the death yak!
You slice the death yak!! x2; You barely miss the death yak.
You hit the death yak. The death yak barely misses you.
You furiously retaliate!
You headbutt the death yak!!
The death yak gores you but does no damage. x2
The death yak gores you. 😕 HP[-3]
You take 3 damage, and now have 131/134 hp.
You hit the death yak. You headbutt the death yak. You hit the death yak.
You slash the death yak! x2; You block the death yak's attack.
The death yak closely misses you. You furiously retaliate!
You headbutt the death yak, but do no damage.
The death yak gores you but does no damage. x2 😕 HP[+1]
You hit the death yak. You slash the death yak! You slice the death yak!!
You kill the death yak!
Okawaru accepts your kill.
You slash the death yak!
Your Shields skill increases to level 7!
You completely miss the death yak. You slice the death yak!!
You kill the death yak!
Okawaru accepts your kill.
You barely miss the death yak.
The death yak gores you but does no damage.
The death yak barely misses you.
You slice the death yak!! You headbutt the death yak! You slash the death yak!
The death yak gores you but does no damage. x2
You barely miss the death yak. You hit the death yak. 😕 HP[+1]
You hit the death yak. You slash the death yak! The death yak gores you.
You block the death yak's attack. 😕 HP[-4]
You take 4 damage, and now have 129/134 hp.
You hit the death yak. You headbutt the death yak.
You kill the death yak!
Okawaru accepts your kill.
You barely miss the death yak.
The death yak gores you but does no damage.
Rupert roars madly and goes into a rage!
Rupert goes berserk!
You rampage towards Rupert!
Found a stone staircase leading up.
You slice Rupert!! You slice the death yak!!
You kill the death yak!
Okawaru accepts your kill. You block Rupert's attack.
You slice Rupert!! You headbutt Rupert! Rupert barely misses you.
You hit Rupert. You headbutt Rupert! You block Rupert's attack. 😕 HP[+1]
You barely miss Rupert. Your headbutt misses Rupert.
Rupert hits you with a +2 battleaxe of freezing!
Rupert freezes you! 😕 HP[-18]
You take 18 damage, and now have 112/134 hp.
You slice Rupert!! Your headbutt misses Rupert.
Rupert hits you with a +2 battleaxe of freezing!!
Rupert freezes you! 😮 HP[-41]
You take 41 damage, and now have 71/134 hp.
MASSIVE DAMAGE!! (PAUSE)
You hit Rupert but do no damage. You headbutt Rupert!
Rupert hits you with a +2 battleaxe of freezing!!
* * * LOW HITPOINT WARNING * * *
Rupert freezes you!
* * * LOW HITPOINT WARNING * * *
😨 HP[-35]
You take 35 damage, and now have 36/134 hp.
MASSIVE DAMAGE!! (PAUSE)
You slice Rupert!! Your headbutt misses Rupert.
Rupert hits you with a +2 battleaxe of freezing!!
* * * LOW HITPOINT WARNING * * *
Rupert freezes you.
* * * LOW HITPOINT WARNING * * *
😱 HP[-23]
You take 23 damage, and now have 13/134 hp.
You feel much better.
Rupert hits you with a +2 battleaxe of freezing!
* * * LOW HITPOINT WARNING * * *
Rupert freezes you.
* * * LOW HITPOINT WARNING * * *
Rupert hits you but does no damage. 😱 HP[+12]
You regained 12 hp, and now have 25/134 hp.
There are no items here.
There are no items here.
You slice Rupert!! Rupert barely misses you.
You slash Rupert!
Rupert hits you with a +2 battleaxe of freezing.
* * * LOW HITPOINT WARNING * * *
Rupert freezes you.
* * * LOW HITPOINT WARNING * * *
😱 HP[-4]
You take 4 damage, and now have 21/134 hp.
You slice Rupert!!
Rupert hits you with a +2 battleaxe of freezing!!
You die...

Skill      XL: |  1  2  3  4  5  6  7  8  9 10 11 12 13 14 |
---------------+-------------------------------------------+-----
Fighting       | 4 5 6 8 10 11 13 15 17 19 20 | 20.8
Axes           | 3 4 5 6 7 9 11 12 13 14 | 14.6
Armour         | 4 5 6 8 11 12 | 12.0
Throwing       | 2 6 |  6.0
Maces & Flails | 1 6 9 |  9.5
Shields        | 5 7 |  7.2

Action                   |  1- 3 |  4- 6 |  7- 9 | 10-12 | 13-15 || total
-------------------------+-------+-------+-------+-------+-------++-------
Melee: War axe           |    70 |    93 |   222 |       |       ||   385
       Headbutt          |    10 |    15 |    50 |   151 |    80 ||   306
       Whip              |       |       |    11 |   623 |       ||   634
       Morningstar       |       |       |     2 |    21 |     6 ||    29
       Broad axe         |       |       |       |    40 |   390 ||   430
Throw: Dart              |       |       |       |    13 |       ||    13
  Use: Scroll            |       |    12 |     5 |    11 |     4 ||    32
       Potion            |       |       |     3 |    10 |     1 ||    14
 Stab: Sleeping          |       |       |       |     2 |       ||     2
Armor: Scale mail        |    52 |    68 |    94 |   174 |       ||   388
       Ring mail         |       |       |       |   176 |       ||   176
       Chain mail        |       |       |       |    55 |   317 ||   372
Dodge: Dodged            |    47 |    52 |    95 |   263 |   196 ||   653
Block: Buckler           |    21 |    28 |    58 |    57 |       ||   164
       Kite shield       |       |       |       |   122 |   152 ||   274

Levels and vault maps discovered:
D:1:      dreamdust_arrival_beginning_and_end, layout_loops_ring,
          shapermc_ecumenical_altar_pompeii
D:2:      layout_basic, hex_medium
D:3:      layout_basic, gup_sewer_entry_glass, minmay_misc_feat_secret_circle,
          minmay_ruptured
D:4:      layout_loops_ring, uniq_ijyb, uniq_duvessa, uniq_blork_the_orc
D:5:      layout_loops_corners, elyvilon_altar_1, uniq_crazy_yiuf_cottage
D:6:      layout_loops_cross, xom_teletrap_fun,
          minmay_temple_entry_drinking_statues, uniq_menkaure, uniq_maggie
D:7:      layout_loops_ring, slow_altar_2
D:8:      layout_rooms
D:9:      layout_basic, marbit_many_paths, nicolae_transmutations_shop,
          ebering_dispersal_statue_hall, patterned_corridor
D:10:     layout_basic, mainiacjoe_overflow_brackets, enter_bailey_5,
          nicolae_trove_entry_columns, ebering_ghost_xom, serial_shops,
          nicolae_take_the_stairs, grunt_decor_one_mirror
D:11:     layout_basic, david_lair_shrubbed
D:12:     minmay_swirls_squares, layout_long_grid
D:13:     layout_roguey, lightli_vaults_fourway_checkpoint
Temple:   nicolae_temple_bog_church
Lair:1:   layout_concentric_octagons, grunt_megastairs_2
Lair:2:   layout_regular_city, spider_nest_entry_web_field, st_stairs_4,
          grunt_megastairs_4, uniq_fannar
Lair:3:   layout_roguey, minmay_shoals_entry_lonely_mermaid,
          gammafunk_ghost_cemetery, uniq_urug, uniq_prince_ribbit2
Lair:4:   wad_woods_structure_01, layout_regular_city, slime_entry_1,
          serial_bayou_ford_a, uniq_rupert
Lair:5:   hellmonk_lair_end_abyssal_woods, layout_cave_pods

Notes
Turn   | Place    | Note
-------+----------+-------------------------------------------
     0 | D:1      | Sanktem7 the Minotaur Fighter began the quest for the Orb.
     0 | D:1      | Reached XP level 1. HP: 19/19 MP: 0/0
     0 | D:1      | magus.rc [v1.9.6]
   433 | D:1      | Found a faded altar of an unknown god.
   720 | D:2      | Reached skill level 4 in Fighting
   720 | D:2      | Reached XP level 2. HP: 22/27 MP: 1/1
   773 | D:2      | Reached skill level 3 in Axes
   882 | D:2      | You add the spells Ignite Poison, Mephitic Cloud and
                  | Freezing Cloud to your library.
   947 | D:2      | Reached skill level 4 in Armour
   947 | D:2      | Reached XP level 3. HP: 25/33 MP: 2/2
  1201 | D:2      | You pick up a book of Debilitation and begin reading...
  1201 | D:2      | You add the spells Slow, Vampiric Draining and Confusing
                  | Touch to your library.
  1518 | D:3      | You pick up a book of Flames and begin reading...
  1518 | D:3      | You add the spells Foxfire, Conjure Flame, Inner Flame and
                  | Flame Wave to your library.
  1620 | D:3      | Reached XP level 4. HP: 40/41 MP: 3/3
  1641 | D:3      | You pick up a book of the Warp and begin reading...
  1641 | D:3      | You add the spells Dispersal and Disjunction to your
                  | library.
  1746 | D:3      | Reached skill level 4 in Axes
  1880 | D:3      | Found a glowing drain.
  1885 | D:3      | Reached skill level 5 in Fighting
  1890 | Sewer    | Entered a sewer
  2085 | Sewer    | Noticed Pargi
  2095 | Sewer    | Killed Pargi
  2096 | Sewer    | Reached XP level 5. HP: 40/50 MP: 4/4
  2165 | Sewer    | Reached skill level 5 in Axes
  2826 | D:4      | Reached XP level 6. HP: 57/57 MP: 5/5
  2835 | D:4      | Reached skill level 6 in Fighting
  2850 | D:4      | Noticed Dowan
  2851 | D:4      | Noticed Duvessa
  2861 | D:4      | Killed Duvessa
  2861 | D:4      | Killed Dowan
  2862 | D:4      | Reached skill level 5 in Armour
  2981 | D:4      | Reached skill level 6 in Axes
  3120 | D:4      | You pick up a book of Scorching and begin reading...
  3120 | D:4      | You add the spells Scorch and Summon Cactus Giant to your
                  | library.
  3151 | D:4      | Reached XP level 7. HP: 52/64 MP: 6/6
  3296 | D:4      | Reached skill level 7 in Fighting
  3549 | D:4      | Noticed Blork the orc
  3555 | D:4      | Killed Blork the orc
  3753 | D:4      | Noticed Ijyb
  3759 | D:4      | Paralysed by Ijyb for 5 turns
  3765 | D:4      | Killed Ijyb
  3766 | D:4      | Reached skill level 7 in Axes
  3766 | D:4      | HP: 13/66 [poisoned by Ijyb]
  3769 | D:4      | HP: 5/66 [poisoned by Ijyb]
  4214 | D:5      | Entered Level 5 of the Dungeon
  4363 | D:5      | Found a white marble altar of Elyvilon.
  4390 | D:5      | Reached skill level 6 in Armour
  4438 | D:5      | Reached skill level 8 in Fighting
  4438 | D:5      | Reached XP level 8. HP: 74/74 MP: 7/7
  4449 | D:5      | You pick up a book of Unlife and begin reading...
  4449 | D:5      | You add the spells Animate Dead, Borgnjor's Vile Clutch and
                  | Death Channel to your library.
  4581 | D:5      | You pick up a book of Touch and begin reading...
  4581 | D:5      | You add the spells Static Discharge, Sticky Flame and
                  | Dispel Undead to your library.
  4656 | D:5      | Reached skill level 8 in Axes
  5252 | D:5      | Reached skill level 9 in Fighting
  5480 | D:5      | Reached skill level 9 in Axes
  5554 | D:5      | Found a runed translucent door.
  5555 | D:5      | Noticed Crazy Yiuf
  5603 | D:5      | Killed Crazy Yiuf
  5821 | D:6      | Found a shimmering altar of Xom.
  5824 | D:6      | Noticed a hornet
  5830 | D:6      | Paralysed by a hornet for 2 turns
  5839 | D:6      | HP: 19/79 [poisoned by a hornet]
  5842 | D:6      | Killed a hornet
  5843 | D:6      | Reached skill level 10 in Fighting
  6156 | D:6      | Reached XP level 9. HP: 85/85 MP: 8/8
  6198 | D:6      | Reached skill level 10 in Axes
  6258 | D:6      | Noticed Maggie
  6275 | D:6      | Killed Maggie
  6629 | D:6      | Reached skill level 1 in Throwing
  6642 | D:6      | Reached skill level 11 in Fighting
  7112 | D:6      | Noticed Menkaure
  7113 | D:6      | Found a staircase to the Ecumenical Temple.
  7119 | D:6      | Killed Menkaure
  7366 | Temple   | Entered the Ecumenical Temple
  7414 | Temple   | Became a worshipper of Warmaster Okawaru
  7487 | D:7      | Reached skill level 11 in Axes
  7497 | D:7      | Reached skill level 2 in Throwing
  7515 | D:7      | Reached * piety under Okawaru
  7518 | D:7      | HP: 17/87 [orc priest/divine providence (11)]
  7526 | D:7      | HP: 14/90 [gnoll/+0 spear (5)]
  8092 | D:7      | Identified the +5 whip of Zoskurib {freeze, Str+4 SInv
                  | Stlth+}
  8224 | D:7      | You pick up a book of Blood and begin reading...
  8224 | D:7      | You add the spells Sublimation of Blood and Wereblood to
                  | your library.
  8351 | D:7      | Reached skill level 1 in Maces & Flails
  8351 | D:7      | Reached XP level 10. HP: 97/97 MP: 9/9
  8358 | D:7      | Reached skill level 3 in Throwing
  8364 | D:7      | Reached skill level 12 in Fighting
  8368 | D:7      | Reached skill level 2 in Maces & Flails
  8568 | D:7      | Found a snail-covered altar of Cheibriados.
  9106 | D:8      | Reached skill level 3 in Maces & Flails
  9113 | D:8      | Reached ** piety under Okawaru
  9118 | D:8      | Reached skill level 4 in Throwing
  9880 | D:9      | Reached skill level 4 in Maces & Flails
 10021 | D:9      | Noticed a smoke demon
 10256 | D:9      | Found Newaofel's Changing Room.
 10274 | D:9      | Reached skill level 5 in Throwing
 10280 | D:9      | Reached *** piety under Okawaru
 10281 | D:9      | Reached skill level 5 in Maces & Flails
 10293 | D:9      | Reached skill level 13 in Fighting
 10294 | D:9      | HP: 20/101 [killer bee (7)]
 11265 | D:9      | Found an opulent altar of Gozag.
 11389 | D:10     | Entered Level 10 of the Dungeon
 11399 | D:10     | You pick up a book of Lightning and begin reading...
 11399 | D:10     | You add the spells Lightning Bolt and Maxwell's Capacitive
                  | Coupling to your library.
 11421 | D:10     | Found Fyweduym's Distillery.
 11467 | D:10     | Noticed an orange demon
 11475 | D:10     | Noticed a smoke demon
 11490 | D:10     | Reached skill level 6 in Maces & Flails
 11492 | D:10     | HP: 25/101 [poisoned by an orange demon]
 11497 | D:10     | HP: 21/101 [poisoned by an orange demon]
 11825 | D:10     | Found a flagged portal.
 11844 | Bailey   | Entered a bailey
 12044 | Bailey   | Reached skill level 6 in Throwing
 12053 | Bailey   | Reached XP level 11. HP: 99/107 MP: 10/10
 12285 | Bailey   | Reached **** piety under Okawaru
 12469 | Bailey   | Received a gift from Okawaru
 12768 | Bailey   | Identified the +4 ring mail "Bawupaec" {rC+ Will+}
 12772 | Bailey   | Identified the ring of the Hero {rN++ Will+}
 12805 | Bailey   | Gained mutation: Your body sometimes deteriorates upon
                  | taking damage. [potion of mutation]
 12805 | Bailey   | Gained mutation: You are frail. (-10% HP) [potion of
                  | mutation]
 12805 | Bailey   | Gained mutation: Your flesh is heat resistant. (rF+)
                  | [potion of mutation]
 12947 | D:10     | Found a runed translucent door.
 12947 | D:10     | Found a shimmering altar of Xom.
 12947 | D:10     | Noticed growler's ghost (journeyman DrTm)
 12947 | D:10     | Noticed a +0 mace of chaos
 13101 | D:10     | Found a radiant altar of Vehumet.
 13121 | D:10     | You pick up a book of Necromancy and begin reading...
 13121 | D:10     | You add the spells Necrotise and Agony to your library.
 13185 | D:10     | Found a portal to a secret trove of treasure.
 13230 | D:10     | You pick up a book of Touch and begin reading...
 13268 | D:10     | This trove needs 12 potions of heal wounds to function.
                  | Give it the items?
 13268 | D:10     | This trove needs 12 potions of heal wounds to function.
                  | Give it the items?
 13505 | D:10     | Reached skill level 7 in Maces & Flails
 13614 | D:10     | You pick up a book of Dreams and begin reading...
 13614 | D:10     | You add the spells Ensorcelled Hibernation, Spider Form and
                  | Anguish to your library.
 13705 | D:10     | Lost mutation: Your flesh is heat resistant. (rF+) [potion
                  | of mutation]
 13705 | D:10     | Lost mutation: Your body sometimes deteriorates upon taking
                  | damage. [potion of mutation]
 13705 | D:10     | Gained mutation: Your muscles are strong. (Str +4, Int/Dex
                  | -1) [potion of mutation]
 13705 | D:10     | Gained mutation: You are resistant to electric shocks.
                  | (rElec) [potion of mutation]
 13705 | D:10     | Lost intelligence.
 13705 | D:10     | Gained mutation: You are dopey. (Int -2) [potion of
                  | mutation]
 14175 | D:11     | Found a staircase to the Lair.
 14180 | D:11     | Noticed a two-headed ogre
 14187 | D:11     | Killed a two-headed ogre
 14188 | D:11     | Reached skill level 14 in Fighting
 14193 | D:11     | HP: 20/99 [komodo dragon (11)]
 14854 | D:12     | Noticed a centaur warrior
 14863 | D:12     | Noticed a tengu warrior
 15172 | D:12     | Reached skill level 8 in Maces & Flails
 15216 | D:12     | Noticed a two-headed ogre
 15218 | D:12     | Noticed a deep elf archer
 15236 | D:11     | HP: 7/99 [two-headed ogre/+0 giant club (20)]
 15237 | D:11     | Killed a two-headed ogre
 15591 | D:11     | Identified a scroll of acquirement
 15591 | D:11     | Acquired the +1 broad axe of the Hurling Puffin {vorpal,
                  | *Noise +Blink rF+ rC+}
 16127 | D:11     | Reached skill level 7 in Armour
 16257 | D:12     | Killed a deep elf archer
 16387 | D:12     | Noticed a centaur warrior
 16387 | D:12     | Noticed a tengu warrior
 16395 | D:12     | Killed a centaur warrior
 16395 | D:12     | Reached ***** piety under Okawaru
 16396 | D:12     | Reached skill level 9 in Maces & Flails
 16405 | D:12     | Killed a tengu warrior
 16570 | D:12     | Found a staircase to the Orcish Mines.
 16577 | D:12     | Noticed a brown ugly thing
 16588 | D:12     | Killed a brown ugly thing
 16588 | D:12     | Identified the +0 hat of the Untouchables {rElec MP+9
                  | Int+5} (Okawaru gifted it to you on level 12 of the
                  | Dungeon)
 16588 | D:12     | Received a gift from Okawaru
 16589 | D:12     | Reached skill level 15 in Fighting
 16593 | D:12     | Noticed a boulder beetle
 16792 | D:12     | HP: 25/100 [tengu warrior/+0 bardiche (4)]
 16793 | D:12     | Killed a tengu warrior
 16794 | D:12     | Reached skill level 8 in Armour
 17099 | D:12     | Killed a centaur warrior
 17100 | D:12     | Reached XP level 12. HP: 74/108 MP: 11/11
 17368 | D:12     | Noticed a two-headed ogre
 17379 | D:12     | Killed a two-headed ogre
 17380 | D:12     | HP: 16/109 [deep elf pyromancer/bolt of fire (27)]
 17385 | D:12     | HP: 27/109 [fire elemental[a deep elf pyromancer] (11)]
 17386 | D:12     | HP: 9/109 [deep elf pyromancer/bolt of fire (37)]
 17387 | D:12     | HP: 1/109 [fire elemental[a deep elf pyromancer] (5)]
 17427 | D:13     | Found a gate to the Vaults.
 17428 | D:13     | Noticed a vault guard
 17428 | D:13     | Noticed a vault guard
 17428 | D:13     | Noticed a vault guard
 17428 | D:13     | Noticed a vault guard
 17428 | D:13     | Noticed a centaur warrior
 17431 | D:13     | HP: 27/109 [centaur warrior/arrow (9)]
 17739 | D:13     | Noticed a centaur warrior
 17745 | D:13     | Killed a vault guard
 17750 | D:13     | Killed a centaur warrior
 17751 | D:13     | Reached skill level 16 in Fighting
 17875 | D:12     | Reached skill level 9 in Armour
 18624 | D:12     | Identified the ring "Caossuucw" {Fire rElec rPois rCorr
                  | Str-4}
 18704 | Lair:1   | Entered Level 1 of the Lair of Beasts
 18775 | Lair:1   | Reached skill level 17 in Fighting
 18782 | Lair:1   | Reached skill level 10 in Armour
 18801 | Lair:1   | Received a gift from Okawaru
 19133 | Lair:1   | Noticed an eight-headed hydra
 19141 | Lair:1   | Killed an eight-headed hydra
 19145 | Lair:1   | Identified the +6 chain mail of the Mauling Gods {rElec
                  | Str+9 Dex-4 Stlth+} (Okawaru gifted it to you on level 1 of
                  | the Lair of Beasts)
 19145 | Lair:1   | Received a gift from Okawaru
 19455 | Lair:1   | Reached skill level 12 in Axes
 19703 | Lair:1   | Reached skill level 11 in Armour
 19954 | Lair:2   | Reached XP level 13. HP: 119/119 MP: 12/12
 19980 | Lair:2   | HP: 28/120 [elephant (9)]
 20300 | Lair:2   | Reached skill level 18 in Fighting
 20307 | Lair:2   | Reached ****** piety under Okawaru
 20312 | Lair:2   | Reached skill level 12 in Armour
 20489 | Lair:2   | Found a hole to the Spider Nest.
 20784 | Lair:2   | Noticed Fannar
 20789 | Lair:2   | Killed Fannar
 20807 | Lair:2   | Reached skill level 13 in Axes
 21741 | Lair:3   | Found a runed translucent gate.
 21741 | Lair:3   | Found a runed translucent gate.
 21744 | Lair:3   | Received a gift from Okawaru
 21748 | Lair:3   | Noticed Huasawuy's ghost (journeyman TrHW)
 21748 | Lair:3   | Noticed Kubamp's ghost (journeyman DEAE)
 21821 | Lair:3   | Found a runed translucent gate.
 21981 | Lair:3   | Noticed Urug
 21992 | Lair:3   | Killed Urug
 21994 | Lair:3   | a +0 eveningstar {macerare=g}; a +0 chain mail
 22023 | Lair:3   | a +0 eveningstar {macerare=g}; a +0 chain mail
 22023 | Lair:3   | a +0 eveningstar {macerare=g}; a +0 chain mail
 22023 | Lair:3   | Could not pick up a +0 eveningstar {macerare=g} here;
                  | ([A]lways) ignore it?
 22023 | Lair:3   | Could not pick up a +0 eveningstar {macerare=g} here;
                  | ([A]lways) ignore it?
 22074 | Lair:3   | Found a staircase to the Shoals.
 22193 | Lair:3   | Reached skill level 19 in Fighting
 22193 | Lair:3   | You fall into a shaft and drop 2 floors!
 22193 | Lair:5   | Entered Level 5 of the Lair of Beasts
 22195 | Lair:5   | Received a gift from Okawaru
 22437 | Lair:5   | Reached skill level 4 in Shields
 22717 | Lair:5   | You pick up a book of Sloth and begin reading...
 22717 | Lair:5   | You add the spells Petrify, Metabolic Englaciation and
                  | Statue Form to your library.
 23251 | Lair:5   | Reached skill level 5 in Shields
 23252 | Lair:5   | Reached XP level 14. HP: 87/132 MP: 13/13
 23695 | Lair:5   | Reached skill level 14 in Axes
 23737 | Lair:5   | Reached skill level 20 in Fighting
 23897 | Lair:5   | Received a gift from Okawaru
 23995 | Lair:5   | Reached skill level 6 in Shields
 24205 | Lair:5   | Found a corrupted altar of Lugonu.
 24205 | Lair:5   | Found a one-way gate to the infinite horrors of the Abyss.
 24215 | Lair:5   | You pick up a book of the Earth and begin reading...
 24215 | Lair:5   | You add the spells Leda's Liquefaction and Lee's Rapid
                  | Deconstruction to your library.
 24613 | Lair:4   | Identified the +8 lajatang "Tonik" {venom, rF+ rN+ Will-}
 24750 | Lair:4   | Received a gift from Okawaru
 24750 | Lair:4   | Found the +8 mithril axe "Arga" {speed, Will+}
 24800 | Lair:4   | Found a staircase to the Slime Pits.
 24800 | Lair:4   | Found a viscous altar of Jiyva.
 24816 | Lair:4   | Noticed Rupert
 24821 | Lair:4   | Reached skill level 7 in Shields
 24832 | Lair:4   | HP: 19/134 [Rupert/+2 battleaxe of freezing (18)]
 24836 | Lair:4   | Mangled by Rupert

Vanquished Creatures
  A vault guard (D:13)
  2 hydras
  Fannar (Lair:2)
  3 two-headed ogres
  A catoblepas (Lair:5)
  3 centaur warriors
  2 tengu warriors (D:12)
  4 thrashing horrors (Lair:5)
  5 death yaks (Lair:4)
  Urug (Lair:3)
  A deep elf archer (D:12)
  A deep elf pyromancer (D:12)
  3 ugly things
  2 cyclopes (D:12)
  A wolf spider (D:12)
  A large abomination (Lair:5)
  A manticore (shapeshifter) (Lair:5)
  3 black mambas
  26 elephants
  A merfolk siren (Lair:3)
  A manticore (D:12)
  2 smoke demons (Lair:5)
  3 gargoyles
  Maggie (D:6)
  6 komodo dragons
  9 cane toads
  2 rime drakes
  An efreet (D:12)
  A freezing wraith (D:12)
  2 kobold demonologists
  2 ancient zymes (Lair:5)
  A troll (D:7)
  3 polar bears
  2 hornets
  29 blink frogs
  A slime creature (D:12)
  4 dream sheep (Lair:4)
  A centaur simulacrum (D:12)
  A vampire (Bailey)
  A wraith (D:12)
  A ynoxinul (Lair:5)
  2 shadows
  A wyvern (D:7)
  8 basilisks
  32 yaks
  3 steam dragons
  3 chaos spawn (Lair:5)
  3 vampire mosquitoes (D:11)
  9 small abominations (Lair:5)
  Menkaure (D:6)
  An acid dragon (D:9)
  8 water moccasins
  Duvessa (D:4)
  Pargi (Sewer)
  An ice beast (D:6)
  2 black bears
  2 sky beasts (D:8)
  5 orc warriors
  2 centaurs
  A boggart (D:12)
  3 ogres
  2 kobold brigands
  A phantom (D:4)
  Blork the orc (D:4)
  3 scorpions
  14 bullfrogs
  5 necrophages
  A gnoll sergeant (D:11)
  20 wights
  Dowan (D:4)
  7 howler monkeys
  4 killer bees (D:9)
  6 vampire bats (Bailey)
  8 wolf zombies (Bailey)
  2 electric eels (Lair:4)
  A jelly (D:5)
  4 hounds
  3 orc priests
  A gnoll bouda (D:8)
  Crazy Yiuf (D:5)
  Ijyb (D:4)
  An iguana (D:5)
  8 orc wizards
  6 hell rats (Lair:3)
  14 gnolls
  18 adders
  A shadow imp (D:7)
  3 white imps
  An ufetubus (D:6)
  3 worms
  4 dart slugs
  34 orcs
  3 endoplasms
  5 giant cockroaches
  6 goblins
  6 hobgoblins
  5 ball pythons
  5 bats
  4 frilled lizards
  16 kobolds
  19 orc zombies (Bailey)
  6 rats
480 creatures vanquished.

Vanquished Creatures (others)
  A gnoll (D:8)
  10 fungi
  17 plants
  5 withered plants (Lair:3)
33 creatures vanquished.

Grand Total: 513 creatures vanquished

Table legend:
 A = Non-vault XP
 B = Vault XP
 C = Vault XP percentage of total XP
 D = Non-vault monster count
 E = Vault monster count
 F = Vault count percentage of total count
                 A         B        C        D         E       F
            +---------+---------+-------+---------+---------+-------
      Total |   57701 |   26813 |  31.7 |     356 |     124 |  25.8
            +---------+---------+-------+---------+---------+-------
        D:1 |      10 |       0 |   0.0 |       7 |       0 |   0.0
        D:2 |      56 |       0 |   0.0 |      19 |       0 |   0.0
        D:3 |      82 |      45 |  35.4 |      15 |       6 |  28.6
        D:4 |     478 |     342 |  41.7 |      18 |       4 |  18.2
        D:5 |    1117 |      39 |   3.4 |      16 |       1 |   5.9
        D:6 |    1219 |     561 |  31.5 |      20 |       2 |   9.1
        D:7 |    1967 |       5 |   0.3 |      34 |       1 |   2.9
        D:8 |    1532 |       0 |   0.0 |      24 |       0 |   0.0
        D:9 |    2462 |      72 |   2.8 |      28 |       1 |   3.4
       D:10 |    1136 |       8 |   0.7 |      22 |       4 |  15.4
       D:11 |    3044 |     389 |  11.3 |      16 |       1 |   5.9
       D:12 |    2704 |    7764 |  74.2 |       7 |      16 |  69.6
       D:13 |     830 |    1483 |  64.1 |       1 |       2 |  66.7
     Lair:1 |    8180 |     147 |   1.8 |      26 |       1 |   3.7
     Lair:2 |   12611 |    1316 |   9.4 |      38 |       3 |   7.3
     Lair:3 |     988 |    1254 |  55.9 |      11 |       2 |  15.4
     Lair:4 |    9385 |       0 |   0.0 |      26 |       0 |   0.0
     Lair:5 |    9900 |   11682 |  54.1 |      28 |      38 |  57.6
      Sewer |       0 |     177 | 100.0 |       0 |       7 | 100.0
     Bailey |       0 |    1529 | 100.0 |       0 |      35 | 100.0
            +---------+---------+-------+---------+---------+-------

Illustrated notes

Table legend:
 A = Kills in this place as a percentage of kills in entire the game.
 B = Kills by you in this place as a percentage of kills by you in the entire game.
 C = Kills by friends in this place as a percentage of kills by friends in the entire game.
 D = Other kills in this place as a percentage of other kills in the entire game.
 E = Experience gained in this place as a percentage of experience gained in the entire game.
 F = Experience gained in this place divided by the number of levels of this place that you have seen.
                   A       B       C       D       E      F
               +-------+-------+-------+-------+-------+----------------------
         Total | 100.0 | 100.0 |   N/A |   N/A | 100.0 | 4024.5
       Dungeon |  55.2 |  55.2 |   N/A |   N/A |  32.4 | 2103.5
          Lair |  36.0 |  36.0 |   N/A |   N/A |  65.6 | 11092.6
         Sewer |   1.5 |   1.5 |   N/A |   N/A |   0.2 | 177.0
        Bailey |   7.3 |   7.3 |   N/A |   N/A |   1.8 | 1529.0
               +-------+-------+-------+-------+-------+----------------------

Table legend: (Time is in decaauts)
 A = Elapsed time spent in this place.
 B = Non-inter-level travel time spent in this place.
 C = Inter-level travel time spent in this place.
 D = Time resting spent in this place.
 E = Time spent auto-exploring this place.
 F = Levels seen in this place.
 G = Mean time per level.
                   A        B        C        D        E       F      G
               +--------+--------+--------+--------+--------+-----+--------+
         Total |  25016 |  24309 |    707 |   2331 |  18662 |  21 | 1191.2 |
       Dungeon |  17355 |  16762 |    593 |   1752 |  12949 |  13 | 1335.0 |
        Temple |     69 |     50 |     19 |      0 |     29 |   1 |   69.0 |
          Lair |   6139 |   6044 |     95 |    525 |   4551 |   5 | 1227.8 |
         Sewer |    396 |    396 |      0 |      0 |    316 |   1 |  396.0 |
        Bailey |   1056 |   1056 |      0 |     54 |    815 |   1 | 1056.0 |
               +--------+--------+--------+--------+--------+-----+--------+

Top non-repeatable levels by time:
    D:11: 2346 daAuts
    D:12: 2039 daAuts
  Lair:5: 2013 daAuts
     D:6: 1650 daAuts
     D:9: 1625 daAuts
    D:10: 1569 daAuts
     D:5: 1556 daAuts
  Lair:1: 1540 daAuts
     D:4: 1384 daAuts
  Lair:2: 1382 daAuts
     D:7: 1275 daAuts
  Bailey: 1056 daAuts
     D:3: 975 daAuts
     D:8: 961 daAuts
     D:2: 783 daAuts
